cohdb
Replays
Latest Replays
All Replays
Popular Replays
Top Player Replays
Match Explorer
How It Works
Community
CoH3 Stats
Reddit
Sign in to upload your games and track your stats! →
Sign in with Steam
Match 31423245
Unlisted
Match 31423245
Overview
Messages
Build Orders
End
Pioneer Squad
Construct Infanterie Kompanie
Selects Luftwaffe Battlegroup
Selects Luftwaffe Pioneer Support
Grenadier Squad
MG 42 Machine Gun Team
Grenadier Squad
Construct Panzergrenadier Kompanie
251 Medium Carrier
Pak 40 Anti-tank Gun Team
Panzergrenadier Squad
Medical Bunker
Forward Retreat Point
Selects Stuka Strafing Run
Selects Fallschirmjäger Squad Paradrop
Support Elements
Nebelwerfer 42 Rocket Launcher Team
Construct Panzer Kompanie
Selects Stuka Loiter
Sturmpanzer IV Brummbär
Stuka Loiter
Pioneer Squad
Sturmpanzer IV Brummbär
Stuka Strafing Run
Stuka Loiter
Sturmpanzer IV Brummbär
Pioneer Squad
Pak 40 Anti-tank Gun Team
Pak 40 Anti-tank Gun Team
Stuka Loiter
UMirinBrah?
十_Fck
Deep Abyss Inc.
Imperiale
Madfox
Bananenratte
0
0
Comments
sign in to comment!
No comments posted yet!